 Dungeon Crawl Stone Soup version 0.30.1-9-gdf580d7c3d (webtiles) character file.

Game seed: 12172730623281280396

85 Zalbag the Magician (level 4, 0/31 HPs)
             Began as a Djinni Fire Elementalist on Oct 26, 2023.
             Slain by a goblin
             ... wielding a +0 club
             ... led by Robin
              (3 damage)
             ... on level 3 of the Dungeon.
             The game lasted 00:05:22 (1525 turns).

Zalbag the Magician (Djinni Fire Elementalist)      Turns: 1525, Time: 00:05:23

Health: 0/31       AC:  2    Str:  7    XL:     4   Next: 75%
Gold:   80         EV: 12    Int: 19    God:
                   SH:  0    Dex: 13

rFire   + + .        v - +3 whip
rCold   x . .        (no shield)
rNeg    + . .        a - +0 robe
rPois   ∞            (no helmet)
rElec   .            (no cloak)
rCorr   +            (no gloves)
SInv    .            (boots unavailable)
Will    .....        (no amulet)
Stlth   ++           q - ring of positive energy
HPRegen 0.25/turn    r - ring of resist corrosion
MPRegen 0.00/turn

%: infuse magic (-1 HP)
@: flying
A: sickness immunity, fire resistance 2, cold vulnerability 1, float, innate
caster, HP casting, extra vitality 1
a: no special abilities


You were on level 3 of the Dungeon.
You visited 1 branch of the dungeon, and saw 3 of its levels.

You collected 80 gold pieces.

Inventory:

Hand Weapons
 c - a +0 sling
 f - a +0 club
 j - a +0 dagger
 v - a +3 whip (weapon)
Armour
 a - a +0 robe (worn)
Jewellery
 m - an amulet of faith
 q - a ring of positive energy (left hand)
 r - a ring of resist corrosion (right hand)
Scrolls
 b - 2 scrolls of poison {unknown}
 d - 2 scrolls of fog {unknown}
 h - 2 scrolls of fear {unknown}
 i - a scroll of teleportation {unknown}
 k - 2 scrolls of identify {unknown}
 l - a scroll of vulnerability {unknown}
 n - a scroll of enchant armour {unknown}
 p - 2 scrolls of amnesia {unknown}
 x - a scroll of enchant weapon {unknown}
Potions
 e - a potion of cancellation {unknown}
 g - 3 potions of curing {unknown}
 o - 2 potions of attraction {unknown}
 s - a potion of ambrosia {unknown}
 t - 2 potions of brilliance {unknown}
 u - a potion of might {unknown}
 w - a potion of mutation {unknown}


   Skills:
 + Level 0.0 Fighting
 + Level 2.2 Dodging
 - Level 1.5 Stealth
 * Level 4.0 Spellcasting


You knew the following spells:

 Your Spells              Type           Power      Damage    Failure   Level
a - Foxfire               Conj/Fire      76%        2x1d7     2%          1
b - Scorch                Fire           38%        2d7       4%          2
c - Volatile Blastmotes   Fire/Tloc      38%        2d13      8%          3
d - Inner Flame           Hex/Fire       19%        N/A       8%          3
e - Flame Wave            Conj/Fire      19%        2d7       26%         4
f - Kiss of Death         Conj/Necr      76%        2d11      2%          1
Your spell library was empty.

Dungeon Overview and Level Annotations

Branches:
Dungeon (3/15)

Altars:

Annotations:
D:3 Robin


Innate Abilities, Weirdness & Mutations

You are immune to sickness and miasma.
You are immune to poison.
Your flesh is very heat resistant. (rF++)
You are vulnerable to cold. (rC-)
You float through the air rather than walking.
You learn spells naturally, not from books.
Your magical power is your life essence.
You have superior vitality. (+4 MHP)


Message History

The goblin attacks as you move away! The goblin barely misses you.
A hobgoblin comes into view.
Found 13 gold pieces.
The hobgoblin shouts!
A hobgoblin comes into view.
The goblin attacks as you move away! The goblin closely misses you.
The goblin attacks as you move away! The goblin hits you with a +0 club.
The hobgoblin barely misses you. The goblin attacks as you move away!
The goblin hits you with a +0 club.
Found 17 gold pieces.
The goblin no longer looks unusually strong.
The goblin attacks as you move away! The goblin hits you with a +0 club.
The goblin no longer looks unusually strong.
The goblin unwields a +0 club.
The goblin wields a +0 sling.
The goblin shoots a sling bullet.
The sling bullet hits you.
You reach down and open the door.
The goblin no longer looks unusually strong.
A hound comes into view.
The goblin barely misses you. The hobgoblin attacks as you move away!
The hobgoblin barely misses you. The goblin attacks as you move away!
The goblin hits you with a +0 club.
There is an open door here.
Casting: Scorch (safe; 4% risk of failure)
Confirm with . or Enter, or press ? or * to list all spells.
Flames lash the goblin.
You kill the goblin!
You hear a bark!
The goblin no longer looks unusually strong. x2
The goblin hits you with a +0 club.
* * * LOW HITPOINT WARNING * * *
The hobgoblin barely misses you. The hobgoblin attacks as you move away!
The hobgoblin hits you.
* * * LOW HITPOINT WARNING * * *
The goblin attacks as you move away! The goblin hits you with a +0 club.
* * * LOW HITPOINT WARNING * * *
The goblin attacks as you move away! The goblin hits you with a +0 club.
* * * LOW HITPOINT WARNING * * *
The goblin no longer looks unusually strong.
The goblin hits you with a +0 club.
You die...

#..##.......#.# #.#
##..##.......#.# #.. #
.....'.........# #$# .#
##...#.........# #.###.##
#...##'#'###.#########....... ##
#...##.#.##.......#gh....#.# ...
#.....)..>........gg.....#.#....
#.#.##)#.#.......g#.)....#.#....
#.#.##.#.#.....@g.###ggh...#....
#...##.#.#.....g### #.g.........
#.#.##.#.#...#....# #...#......$
##.#.##.#.#...#.##.###...#..#..##
.....<..........##.......h.......
##..#.#.#.#.#.#.#.#.#.#.#.#.#.#..
#...#.#+#.#.#.#.#.#.#.#.#.#g#..
##.†#†.^..#.# #.#.#.#.#†#.#.#.###
.....#.....#.#.#.#.#.#.#.#.#.#..


You could see a hound, 2 hobgoblins and 4 goblins.

Vanquished Creatures
  3 adders
  A worm (D:2)
  3 orcs (D:3)
  5 ball pythons
  2 bats
  7 endoplasms
  7 giant cockroaches
  7 goblins
  3 hobgoblins (D:1)
  2 jackals (D:2)
  3 kobolds (D:2)
  A frilled lizard (D:3)
44 creatures vanquished.

Vanquished Creatures (others)
  51 foxfires
51 creatures vanquished.

Grand Total: 95 creatures vanquished

Notes
Turn   | Place    | Note
-------+----------+-------------------------------------------
     0 | D:1      | Zalbag the Djinni Fire Elementalist began the quest for the
                  | Orb.
     0 | D:1      | Zalbag set off with the following spells memorised:
                  | Foxfire, Scorch, Volatile Blastmotes, Inner Flame, Flame
                  | Wave.
     0 | D:1      | Reached XP level 1. HP: 15/15 MP: 0/0
   159 | D:1      | Reached XP level 2. HP: 20/21 MP: 0/0
   353 | D:1      | Reached skill level 3 in Spellcasting
   484 | D:1      | Reached XP level 3. HP: 25/25 MP: 0/0
   484 | D:1      | Learned a level 1 spell: Kiss of Death
   838 | D:2      | Found a faded altar of an unknown god.
  1013 | D:2      | Reached XP level 4. HP: 30/31 MP: 0/0
  1416 | D:3      | Reached skill level 4 in Spellcasting
  1504 | D:3      | Noticed Robin
  1525 | D:3      | Slain by a goblin

Illustrated notes

Levels and vault maps discovered:
D:1:      dpeg_arrival_concentric_ovals, layout_basic, serial_bayou_pond_b
D:2:      layout_rooms, hellmonk_ecumenical_altar_leap_of_faith
D:3:      layout_basic, uniq_robin

Skill      XL: |  1  2  3  4 |
---------------+-------------+-----
Spellcasting   | 3 4 |  4.0
Dodging        | |  2.2
Stealth        | |  1.5

Action                     |  1- 3 |  4- 6 || total
---------------------------+-------+-------++-------
  Melee: Dagger            |     3 |       ||     3
         Whip              |       |     5 ||     5
   Fire: Sling             |    31 |     9 ||    40
   Cast: Foxfire           |    21 |     9 ||    30
         Scorch            |     1 |     9 ||    10
   Stab: Sleeping          |     1 |     1 ||     2
 Armour: Robe              |     2 |     3 ||     5
  Dodge: Dodged            |     9 |    14 ||    23
